Map: Stasis LE

Players

WillyBrown - Winner!

  • Race: Zerg Zerg
  • Spawn Location: 11:00

ÈGABDE

  • Race: Terran Terran
  • League: Bronze
  • Spawn Location: 1:00

VOD

Have the link to the VOD?

Description

Time

  • Played on: Jan. 18, 2019, 12:34 p.m.
  • Length: 14:55
Show
View Real Time Build Order
Export as new Build Order

WillyBrown Zerg - Winner!

Build Orders: Hatch First 

Get SALT Encoding   

  12  0:01  Drone  
  13  0:13  Overlord  
  13  0:22  Drone  
  14  0:31  Drone x2  
  16  0:37  Drone  
  17  0:59  Hatchery  
  17  1:02  Drone  
  17  1:03  Drone  
  18  1:17  Extractor  
  17  1:21  Spawning Pool  
  17  1:22  Drone  
  17  1:23  Drone  
  18  1:30  Drone  
  19  1:43  Overlord  
  19  1:55  Drone  
  19  2:01  Drone  
  21  2:09  Queen  
  21  2:15  Zergling x4  
  26  2:22  Zergling x2  
  26  2:23  Zergling x2  
  27  2:34  Zergling x2  
  27  2:35  Zergling x2  
  29  2:39  Queen  
  29  2:43  Spine Crawler, Overlord  
  30  2:46  Drone  
  30  2:48  Metabolic Boost  
  31  2:56  Drone, Zergling x2  
  33  3:08  Overlord  
  33  3:10  Drone  
  34  3:13  Lair  
  34  3:25  Drone  
  34  3:26  Drone  
  36  3:28  Zergling x6  
  36  3:29  Drone  
  40  3:34  Queen  
  42  3:51  Drone x2  
  42  3:52  Zergling x4  
  46  4:17  Drone, Hatchery  
  46  4:18  Zergling x4  
  46  4:20  Drone x2  
  46  4:21  Overlord  
  50  4:33  Drone  
  50  4:34  Zergling x2  
  52  4:42  Spore Crawler, Overlord  
  52  4:43  Overlord  
  51  4:49  Extractor  
  51  4:50  Drone  
  51  5:01  Extractor  
  51  5:02  Extractor  
  51  5:03  Drone x2  
  51  5:04  Drone x3  
  51  5:05  Drone x4  
  51  5:06  Drone x2  
  60  5:40  Drone  
  61  6:01  Spire  
  60  6:05  Spore Crawler  
  60  6:07  Drone  
  60  6:08  Drone  
  60  6:10  Zergling x6  
  60  6:11  Drone x3, Overlord  
  66  6:12  Zergling x4  
  66  6:13  Drone x2, Zergling x2  
  72  6:36  Queen  
  74  6:59  Queen x2  
  79  7:01  Zergling x6  
  79  7:04  Zergling x6  
  79  7:05  Drone x3  
  79  7:06  Zergling x6  
  79  7:08  Overlord x3  
  90  7:16  Extractor  
  89  7:44  Mutalisk x2  
  89  7:45  Mutalisk  
  95  7:56  Mutalisk x3  
  95  7:57  Mutalisk x6  
  113  8:02  Overlord  
  113  8:34  Mutalisk x2  
  113  8:35  Mutalisk x2  
  113  8:37  Zergling x2, Overlord  
  113  8:38  Overlord x4  
  113  8:39  Overlord  
  122  8:47  Evolution Chamber  
  121  9:06  Mutalisk  
  121  9:07  Mutalisk x5  
  121  9:08  Mutalisk x2  
  137  9:15  Zergling x8  
  141  9:19  Zergling x4, Overlord  
  143  9:25  Zergling x2  
  143  9:31  Drone x5  
  149  9:39  Zerg Melee Weapons Level 1  
  149  9:50  Mutalisk, Corruptor  
  149  9:51  Mutalisk x2  
  157  9:53  Zergling x6  
  160  10:03  Mutalisk x2  
  160  10:06  Zergling x6  
  167  10:24  Mutalisk  
  167  10:25  Mutalisk x2, Extractor  
  167  10:27  Zergling x6  
  167  10:28  Overlord x2  
  175  10:29  Zergling x2, Overlord  
  175  10:30  Zergling x2  
  177  10:47  Mutalisk x3  
  177  10:49  Zergling x4  
  186  10:50  Zergling x4, Overlord  
  186  10:51  Drone, Zergling x4  
  190  11:07  Mutalisk x3  
  190  11:09  Zergling x4  
  190  11:10  Zergling x4  
  200  11:17  Evolution Chamber  
  199  11:21  Evolution Chamber, Zerg Flyer Armor Level 1  
  199  11:23  Zergling x4  
  159  12:51  Mutalisk x3  
  159  12:52  Mutalisk x5  
  159  12:53  Mutalisk x5  
  159  12:57  Zergling x8  
  159  12:58  Zergling x12  
  193  12:59  Zergling x4  
  183  13:41  Mutalisk x3  
  183  13:42  Mutalisk x3  
  183  13:44  Zergling x8  
  183  13:46  Overlord x3  
  197  14:04  Mutalisk  
  199  14:12  Overlord x2  
  199  14:13  Overlord x2  
  193  14:29  Mutalisk  
  193  14:30  Mutalisk x2  
Show
View Real Time Build Order
Export as new Build Order

ÈGABDE Terran 

Build Orders:  

Get SALT Encoding   

  12  0:03  SCV  
  13  0:28  Supply Depot  
  13  0:33  Supply Depot  
  13  0:40  SCV  
  14  0:51  Supply Depot  
  14  0:56  Barracks  
  14  1:43  Marine  
  15  1:52  Refinery  
  15  1:57  Command Center  
  15  2:00  Marine  
  16  2:18  Marine  
  17  2:36  Marine  
  18  2:54  Marine  
  18  2:57  Bunker  
  19  3:10  Refinery  
  19  3:12  Marine  
  20  3:21  Refinery  
  20  3:22  SCV  
  21  3:29  Marine  
  22  3:35  Engineering Bay, SCV  
  23  4:09  Factory  
  23  4:24  SCV  
  24  4:36  SCV  
  25  4:42  Bunker  
  25  4:48  SCV  
  26  5:00  SCV  
  27  5:07  Missile Turret  
  27  5:12  SCV  
  28  5:24  SCV  
  29  5:29  Missile Turret  
  29  5:30  Factory Tech Lab  
  29  5:32  Marine  
  30  5:49  Marine, Bunker  
  30  5:53  Missile Turret  
  31  6:07  Marine  
  32  6:23  Bunker  
  32  6:25  Marine  
  33  6:41  Siege Tank  
  33  6:43  Marine  
  37  6:53  Terran Infantry Weapons Level 1  
  37  6:54  Missile Turret  
  37  7:01  Marine  
  38  7:13  Siege Tank  
  41  7:15  Barracks  
  41  7:17  Missile Turret  
  41  7:18  Marine  
  42  7:36  Marine  
  43  7:40  Missile Turret  
  43  7:54  Missile Turret  
  43  8:02  Missile Turret  
  43  8:16  Missile Turret  
  43  8:22  Siege Tank  
  43  8:23  Marine, Command Center  
  43  8:24  Marine  
  48  8:39  Missile Turret  
  48  8:47  Hi-Sec Auto Tracking  
  48  8:54  Siege Tank  
  51  9:00  Missile Turret  
  51  9:10  Supply Depot  
  51  9:22  Missile Turret  
  51  9:24  Marine  
  51  9:25  Marine  
  53  9:32  Siege Tank  
  53  9:33  Supply Depot  
  53  9:37  Refinery  
  56  9:42  Marine x2  
  56  9:44  Terran Infantry Armor Level 1  
  56  9:45  Missile Turret  
  58  9:47  Bunker  
  58  9:56  Supply Depot  
  58  10:00  Marine  
  59  10:08  Missile Turret  
  59  10:13  Siege Tank  
  62  10:18  Bunker  
  62  10:19  Supply Depot  
  62  10:32  Missile Turret  
  62  10:41  Supply Depot  
  62  10:58  Missile Turret  
  62  11:21  Missile Turret  
  62  11:29  Marine x2  
  64  11:47  Marine x2  
  66  11:54  Armory  
  67  12:12  Barracks Tech Lab  
  49  12:23  Marine  
  48  12:37  Marine  
  48  12:41  Marine  
  32  13:32  SCV  
  27  13:44  SCV  
  27  13:45  Supply Depot  
  28  13:56  SCV  
  29  14:07  Supply Depot  
  29  14:09  SCV  
  30  14:15  Barracks  
  30  14:19  Barracks  
  23  14:30  Supply Depot  
Tags
 
League
Bronze
Matchup
TvZ
Spawn Locations
Close Positions
Add a new tag
Caveats
  • Supply blocks, unpowered buildings, or Contaminate may cause inaccurate times.
  • Supply counts are checked every 10 seconds.